 Dungeon Crawl Stone Soup version 0.20-a0-809-gaf7f668 (console) character file.

38 nht the Twirler (level 3, 0/27 HPs)
             Began as a Demonspawn Gladiator on Mar 3, 2017.
             Succumbed to an adder's poison
             ... on level 2 of the Dungeon.
             The game lasted 00:01:01 (691 turns).

nht the Twirler (Demonspawn Gladiator)               Turns: 691, Time: 00:01:02

Health: 0/27       AC:  5    Str: 14    XL:     3   Next: 25%
Magic:  0/3        EV: 12    Int: 10    God:
Gold:   137        SH:  0    Dex: 14    Spells: 2/2 levels left

rFire    . . .     SeeInvis .   a - +0 quarterstaff
rCold    . . .     Gourm    .   b - +0 leather armour
rNeg     . . .     Faith    .   (shield currently unavailable)
rPois    .         Spirit   +   c - +0 helmet
rElec    .         Reflect  .   (no cloak)
rCorr    +         Harm     .   (no gloves)
MR       .....                  k - +0 pair of boots
Stlth    +.........             (no amulet)
Regen    0.1/turn               (no ring)
MPRegen  0.1/turn               l - ring of resist corrosion

@: lethally poisoned (0 -> -7), very slightly contaminated, invisible
A: hooves 1, magic shield
a: no special abilities


You were on level 2 of the Dungeon.
You were not hungry.

You visited 1 branch of the dungeon, and saw 2 of its levels.

You collected 137 gold pieces.

Inventory:

Hand Weapons
 a - a +0 quarterstaff (weapon)
Missiles
 d - 3 throwing nets (quivered)
Armour
 b - a +0 leather armour (worn)
 c - a +0 helmet (worn)
 k - a +0 pair of boots (worn)
Jewellery
 l - a ring of resist corrosion (left hand)
Scrolls
 e - a scroll of recharging {unknown}
 m - 3 scrolls of immolation {unknown}
 n - a scroll of amnesia {unknown}
Comestibles
 f - 2 bread rations
 g - 8 chunks of flesh
 i - a royal jelly
 j - a meat ration


   Skills:
 - Level 2.0 Fighting
 + Level 4.0 Staves
 - Level 1.7 Throwing
 - Level 2.6 Dodging


You had 2 spell levels left.
You didn't know any spells.

Dungeon Overview and Level Annotations

Branches:
Dungeon (2/15)

Altars:


Innate Abilities, Weirdness & Mutations

You have large cloven feet.
When hurt, damage is shared between your health and your magic reserves.


Message History

* * * LOW HITPOINT WARNING * * *
You feel sick. The adder bites you.
* * * LOW HITPOINT WARNING * * *
It was a potion of invisibility.
You fade into invisibility!
* * * LOW HITPOINT WARNING * * *
You feel sick. The adder closely misses you. x2
You are very lightly contaminated with residual magic.
You closely miss the adder.
The adder is moderately wounded.
* * * LOW HITPOINT WARNING * * *
You feel sick. The adder closely misses you.
You hit the adder.
The adder is almost dead.
The adder bites you.
* * * LOW HITPOINT WARNING * * *
The adder closely misses you.
You closely miss the adder.
The adder is almost dead.
You die... █...█.............███ █. █...███████████.....█ █. █...█ █████>██████

█. .█.██ ███
█.██...█ █.
.█.█████ ██.██
█......███████.
█......█ ██.█.██
████...........
...███.███.███.██


████████████ .███ █.██.██ ██.██ .█ █...██ ██@█ ████ ████.█ █S██ ...█ ..█ █.█
██.█ ...█.. █ .██.█ .████ .. ██ You could see an adder.

Vanquished Creatures
  An adder (D:2)
  3 leopard geckos
  4 bats (D:1)
  3 goblins (D:1)
  5 hobgoblins
  A jackal (D:1)
  2 frilled lizards (D:1)
  4 kobolds (D:1)
  2 rats (D:1)
25 creatures vanquished.

Notes
Turn   | Place    | Note
-------+----------+-------------------------------------------
     0 | D:1      | nht the Demonspawn Gladiator began the quest for the Orb.
     0 | D:1      | Reached XP level 1. HP: 16/16 MP: 1/1
   110 | D:1      | Reached skill level 3 in Staves
   203 | D:1      | Gained mutation: When hurt, damage is shared between your health and your magic reserves. [demonic ancestry]
   203 | D:1      | Reached XP level 2. HP: 22/22 MP: 2/2
   516 | D:2      | Gained mutation: You have large cloven feet. [demonic ancestry]
   516 | D:2      | Reached XP level 3. HP: 23/27 MP: 1/3
   643 | D:2      | Reached skill level 4 in Staves
   690 | D:2      | HP: 1/27 [adder (3)]
   691 | D:2      | Succumbed to an adder's poison

Vault maps used:
D:1:      eino_arrival_cavern_e
D:2:      first_bread

Skill      XL: |  1  2  3 |
---------------+----------+-----
Staves         | 3 4 |  4.0
Fighting       | |  2.0
Throwing       | |  1.7
Dodging        | |  2.6

Action                   || total
-------------------------++-------
Melee: Quarterstaff      ||    71
  Use: Potion            ||     1
 Stab: Sleeping          ||     1
Armor: Leather armour    ||    19
Dodge: Dodged            ||    54
